 Dungeon Crawl Stone Soup version 0.29.1 (webtiles) character file.

Game seed: 3473387679704836786

77910 qw the Severer (level 15, -6/147 HPs)
             Began as a Minotaur Berserker on Sept 13, 2022.
             Was an Elder of Trog.
             Mangled by Rupert
             ... wielding a +2 vorpal battleaxe
              (15 damage)
             ... on level 14 of the Dungeon.
             The game lasted 00:09:00 (27560 turns).

qw the Severer (Minotaur Berserker)                Turns: 27560, Time: 00:09:00

Health: -6/147     AC: 34    Str: 28    XL:     15   Next: 16%
Magic:  14/14      EV: 10    Int:  4    God:    Trog [****..]
Gold:   985        SH: 13    Dex: 11    Spells: 14/14 levels left

rFire   . . .      SeeInvis .   Y - +1 broad axe (vorpal)
rCold   + . .      Faith    .   t - +0 kite shield
rNeg    + . .      Spirit   .   b - +11 chain mail "Hero's Friend" {rC+ Will+}
rPois   .          Reflect  .   (helmet restricted)
rElec   +          Harm     .   (no cloak)
rCorr   +          Rampage  .   p - +2 pair of gloves
Will    +++++                   u - +2 pair of boots
Stlth   ..........              o - amulet of the acrobat
HPRegen 1.34/turn               m - ring of Ydiosuid {rElec rN+ Will++ rCorr Stlth-}
MPRegen 0.14/turn               k - +4 ring of protection

@: about to teleport, strong-willed (expiring), on berserk cooldown,
regenerating (expiring), slowed, very slow
A: horns 2, retaliatory headbutt
a: Renounce Religion, Berserk, Trog's Hand, Brothers in Arms


You were on level 14 of the Dungeon.
You worshipped Trog.
Trog was greatly pleased with you.
You visited 2 branches of the dungeon, and saw 19 of its levels.

You collected 1023 gold pieces.
You spent 38 gold pieces at shops.


Innate Abilities, Weirdness & Mutations

You have a pair of horns on your head.
You reflexively headbutt those who attack you in melee.


   Skills:
 - Level 17.0 Fighting
 - Level 18.0 Axes
 - Level 6.1 Throwing
 - Level 12.0 Armour
 + Level 7.1 Dodging
 - Level 15.0 Shields


You had 14 spell levels left.
You didn't know any spells.
Your spell library was empty.

Inventory:

Hand Weapons
 c - a +2 morningstar of freezing
 Y - a +1 vorpal broad axe (weapon)
Armour
 b - the +11 chain mail "Hero's Friend" (worn) {rC+ Will+}
   (You found it on level 4 of the Lair of Beasts)

   rC:        It protects you from cold.
   Will:      It increases your willpower.
 p - a +2 pair of gloves (worn)
 t - a +0 kite shield (worn)
 u - a +2 pair of boots (worn)
Jewellery
 d - a ring of protection from fire
 f - an amulet of regeneration
 k - a +4 ring of protection (right hand)
 m - the ring of Ydiosuid (left hand) {rElec rN+ Will++ rCorr Stlth-}
   (You found it on level 5 of the Lair of Beasts)

   [ring of positive energy]

   rElec:     It insulates you from electricity.
   rN:        It protects you from negative energy.
   rCorr:     It protects you from acid and corrosion.
   Will:      It greatly increases your willpower.
   Stlth:     It makes you less stealthy.
 o - an amulet of the acrobat (around neck)
 q - a +4 ring of evasion
Scrolls
 a - 8 scrolls of identify
 n - 13 scrolls of teleportation
Potions
 e - 3 potions of haste
 g - 3 potions of resistance
 h - 2 potions of mutation
 i - 7 potions of heal wounds
 l - 12 potions of curing
 r - a potion of might

Dungeon Overview and Level Annotations

Branches:
Dungeon (14/15)            Temple (0/1) D:5            Lair (5/5) D:8
 Shoals (0/4) Lair:3        Snake (0/4) Lair:2        Slime (0/5) Lair:5
    Orc (0/2) D:12         Vaults (0/5) D:14

Altars:
Ashenzari
Cheibriados
Elyvilon
Fedhas
Hepliaklqana
Makhleb
Nemelex Xobeh
Okawaru
Qazlal
Trog
Uskayaw
Wu Jian
Yredelemnul
Zin
The Shining One
Jiyva

Shops:
D:3 (

Annotations:
D:2 1 runed translucent door, Crazy Yiuf
D:3 2 transporters, qw's ghost, amateur GrFi
D:14 Nessos; Rupert


Message History

Something hits you! You block Urug's attack.
Nessos mumbles some strange words.
Nessos blinks!
You block something's attack.
You slice Urug!! You headbutt Urug!
Urug is almost dead.
You slash something!
Nessos gestures wildly while chanting.
Nessos blinks!
Urug hits you with a +5 long sword. Something hits you but does no damage.
Nessos casts a spell.
Nessos blinks!
Urug hits you but does no damage.
You slash Urug!
You kill Urug!
Trog accepts your kill.
You hit something. Something hits you!
Nessos mumbles some strange words.
Nessos blinks!
Something hits you!
Your Fighting skill increases to level 17!
You slash the human!
The human is almost dead.
You hit something but do no damage.
You feel the effects of Trog's Hand fading.
Nessos intently looks at you, slowly moving their tail.
Something hits you!
Nessos stands on their hind legs for a moment.
The human hits you. Something hits you!
You slash the human!
You kill the human!
Trog accepts your kill.
You slash something! Something hits you!
Nessos gestures wildly while chanting.
Nessos blinks!
Something hits you!!
27560 ||| READING 14 scrolls of teleportation.
As you read the scroll of teleportation, it crumbles to dust.
You feel strangely unstable.
Nessos casts a spell.
Nessos blinks!
Something hits you!
You die... #........ #.ยค...c<> .......\< #p....... #pp.p.... #ppppp...

### #.. #p{ppp...
... #.. #@# #..
... #.# #.# #.#
#.# #.# #.#
######.# #(# #.#
#......#
##.###.###.P.P..#
##.#.##.##..._...#
#.###.......P.P..#
.## ##..###.....##
#.


You could see Nessos (fast) and 13 humans.

Vanquished Creatures
  2 sphinxes (D:12)
  A storm dragon (D:12)
  A tengu reaver (D:12)
  2 dire elephants (Lair:5)
  Snorg (D:11)
  An ettin (D:12)
  Josephine (D:11)
  3 two-headed ogres
  8 hydras
  A centaur warrior (D:13)
  12 death yaks
  Urug (D:14)
  2 spectral death yaks (Lair:5)
  A spectral anaconda (Lair:5)
  A phantasmal warrior (D:12)
  An obsidian statue (Lair:5)
  Pikel (D:5)
  3 oklob plants (Lair:5)
  An ugly thing (D:12)
  A deep elf pyromancer (D:13)
  5 necromancers
  21 elephants
  4 cyclopes
  2 manticores
  6 black mambas
  A gargoyle (D:13)
  11 cane toads
  4 torpor snails (Lair:5)
  3 unseen horrors
  A rime drake (Lair:3)
  8 komodo dragons
  A rime drake (shapeshifter) (D:13)
  5 trolls
  A polar bear (Lair:4)
  3 meliai (D:13)
  8 blink frogs (Lair:5)
  Prince Ribbit (D:5)
  10 dream sheep
  A spectral elephant (Lair:5)
  12 slime creatures
  A snapping turtle (Lair:3)
  2 shadows
  Sigmund (D:3)
  9 wraiths
  2 wyverns
  37 yaks
  2 basilisks
  3 humans (D:14)
  2 steam dragons (D:8)
  Eustachio (D:5)
  14 vampire mosquitoes
  Menkaure (D:7)
  A death yak simulacrum (Lair:5)
  3 nagas (Lair:2)
  2 acid dragons
  22 water moccasins
  Duvessa (D:5)
  3 sky beasts
  3 orc warriors
  2 elephant zombies
  2 ice beasts
  3 black bears
  10 wolves
  An ogre (D:5)
  An elephant skeleton (Lair:5)
  2 centaurs
  3 lemures (D:5)
  5 kobold brigands
  2 phantoms
  13 bullfrogs
  2 necrophages (D:4)
  3 gnoll sergeants
  3 scorpions
  A cane toad simulacrum (Lair:5)
  Dowan (D:5)
  18 wights
  An elephant simulacrum (Lair:5)
  4 killer bees (D:8)
  5 howler monkeys
  5 electric eels
  5 hounds
  3 basilisk zombies (Lair:3)
  7 orc priests
  2 gnoll boudas
  3 jellies
  Terence (D:3)
  Jessica (D:2)
  Ijyb (D:4)
  Natasha (thrice) (D:3)
  6 iguanas
  6 orc wizards
  4 hell rats (Lair:4)
  20 gnolls
  6 adders
  A shadow imp (D:5)
  2 white imps (D:6)
  An ufetubus (D:6)
  A worm (D:4)
  2 dart slugs
  41 orcs
  8 bats
  6 endoplasms
  A giant cockroach (D:3)
  4 goblins
  7 hobgoblins
  29 kobolds
  8 quokkas
  5 ball pythons
  4 frilled lizards
  6 rats
544 creatures vanquished.

Vanquished Creatures (collateral kills)
  A hydra (D:12)
  An acid dragon (D:11)
2 creatures vanquished.

Vanquished Creatures (others)
  A dire elephant skeleton (Lair:5)
  31 fungi
  57 plants
  20 withered plants (Lair:5)
109 creatures vanquished.

Grand Total: 655 creatures vanquished

Notes
Turn   | Place    | Note
-------+----------+-------------------------------------------
     0 | D:1      | qw the Minotaur Berserker began the quest for the Orb.
     0 | D:1      | Reached XP level 1. HP: 19/19 MP: 0/0
     0 | D:1      | 0 ||| qw: Version: 0.1-a-119-g272c26d
     0 | D:1      | 0 ||| qw: Game counter: 11135
     0 | D:1      | 0 ||| qw: Always use a shield: true
     0 | D:1      | 0 ||| qw: Do Orc after D:15 true
     0 | D:1      | 0 ||| qw: Do second Lair branch before Depths: true
     0 | D:1      | 0 ||| qw: Lair rune preference: random
     0 | D:1      | 0 ||| qw: Plans: Normal
     0 | D:1      | 0 ||| PLANNING D:1-11
   262 | D:1      | 262 ||| Stepping ~*~*~tactically~*~*~ (stealth).
   269 | D:1      | 269 ||| INVOKING Berserk.
   271 | D:1      | Reached skill level 4 in Axes
   453 | D:1      | 453 ||| Stepping ~*~*~tactically~*~*~ (stealth).
   462 | D:1      | Reached XP level 2. HP: 26/26 MP: 1/1
   464 | D:1      | 464 ||| DROPPING +0 club.
   627 | D:1      | 627 ||| Stepping ~*~*~tactically~*~*~ (hiding).
   729 | D:1      | 729 ||| Stepping ~*~*~tactically~*~*~ (hiding).
   831 | D:1      | 831 ||| Stepping ~*~*~tactically~*~*~ (hiding).
   933 | D:1      | 933 ||| Stepping ~*~*~tactically~*~*~ (hiding).
  1238 | D:1      | Found a faded altar of an unknown god.
  1424 | D:1      | 1424 ||| UPGRADING to +0 leather armour.
  1434 | D:1      | 1434 ||| DROPPING +0 animal skin.
  1435 | D:1      | 1435 ||| READING 2 scrolls labelled OCEPURPHOSURGH.
  1436 | D:1      | 1436 ||| READING scroll labelled FEEFUZ ATATT.
  1437 | D:1      | 1437 ||| READING 2 scrolls labelled URYBBA RUDGHIUD.
  1438 | D:1      | 1438 ||| READING scroll labelled ANKAIGH QEHADED.
  1439 | D:1      | 1439 ||| DRINKING 4 smoky yellow potions.
  1440 | D:1      | 1440 ||| DROPPING 3 potions of degeneration.
  1501 | D:2      | Reached skill level 5 in Axes
  1552 | D:2      | Reached XP level 3. HP: 21/31 MP: 2/2
  1764 | D:2      | Reached ** piety under Trog
  1842 | D:2      | 1842 ||| Stepping ~*~*~tactically~*~*~ (stealth).
  1843 | D:2      | 1843 ||| Stepping ~*~*~tactically~*~*~ (stealth).
  1961 | D:2      | Noticed Jessica
  1968 | D:2      | HP: 5/31 [Jessica/+1 dagger of speed (6)]
  1969 | D:2      | 1969 ||| DRINKING potion of heal wounds.
  1971 | D:2      | Killed Jessica
  2154 | D:2      | Reached skill level 6 in Axes
  2154 | D:2      | Reached XP level 4. HP: 39/39 MP: 3/3
  2174 | D:2      | Found a runed translucent door.
  2175 | D:2      | Noticed Crazy Yiuf
  2512 | D:2      | 2512 ||| UPGRADING to +0 buckler.
  2517 | D:2      | 2517 ||| UPGRADING to +0 ring mail.
  2527 | D:2      | 2527 ||| DROPPING +0 leather armour.
  2528 | D:2      | 2528 ||| READING scroll labelled ENONUG INWOCW.
  2604 | D:2      | 2604 ||| DRINKING 3 silvery potions.
  2605 | D:2      | 2605 ||| READING 2 scrolls of identify.
  2605 | D:2      | 2605 ||| IDENTIFYING bubbling clear potion
  2606 | D:2      | 2606 ||| DROPPING potion of invisibility.
  2701 | D:3      | Noticed Natasha
  2707 | D:3      | 2707 ||| INVOKING Berserk.
  2714 | D:3      | Killed Natasha
  2715 | D:3      | Reached skill level 1 in Shields
  2735 | D:3      | 2735 ||| Stepping ~*~*~tactically~*~*~ (stealth).
  2876 | D:3      | 2876 ||| FLEEEEING.
  2877 | D:3      | 2877 ||| FLEEEEING.
  2878 | D:3      | 2878 ||| FLEEEEING.
  2879 | D:3      | 2879 ||| FLEEEEING.
  2880 | D:3      | 2880 ||| FLEEEEING.
  2881 | D:3      | 2881 ||| FLEEEEING.
  2882 | D:3      | 2882 ||| FLEEEEING.
  2883 | D:3      | 2883 ||| FLEEEEING.
  2884 | D:3      | 2884 ||| FLEEEEING.
  2885 | D:3      | 2885 ||| FLEEEEING.
  2886 | D:3      | 2886 ||| FLEEEEING.
  2888 | D:3      | 2888 ||| FLEEEEING.
  2889 | D:3      | 2889 ||| FLEEEEING.
  2890 | D:3      | 2890 ||| FLEEEEING.
  2891 | D:3      | 2891 ||| FLEEEEING.
  2892 | D:3      | 2892 ||| FLEEEEING.
  2893 | D:3      | 2893 ||| FLEEEEING.
  2894 | D:3      | 2894 ||| FLEEEEING.
  2895 | D:3      | 2895 ||| FLEEEEING.
  2896 | D:3      | 2896 ||| FLEEEEING.
  2897 | D:3      | 2897 ||| FLEEEEING.
  2898 | D:3      | 2898 ||| FLEEEEING.
  2899 | D:3      | 2899 ||| FLEEEEING.
  2900 | D:3      | 2900 ||| FLEEEEING.
  2901 | D:3      | 2901 ||| FLEEEEING.
  2902 | D:3      | 2902 ||| STAIRDANCE
  2994 | D:2      | 2994 ||| UPGRADING to +0 scale mail.
  3004 | D:2      | 3004 ||| DROPPING +0 ring mail.
  3071 | D:3      | 3071 ||| STAIRDANCE
  3320 | D:3      | Found Esmek's Weapon Shoppe.
  3329 | D:3      | 3329 ||| BUYING +0 flail (38 gold).
  3329 | D:3      | Bought a +0 flail for 38 gold pieces
  3329 | D:3      | 3329 ||| DROPPING +0 whip.
  3348 | D:3      | Found a transporter.
  3351 | D:3      | Found a transporter.
  3352 | D:3      | Noticed qw's ghost (amateur GrFi)
  3456 | D:3      | Noticed Sigmund
  3459 | D:3      | 3459 ||| INVOKING Berserk.
  3464 | D:3      | Killed Sigmund
  3465 | D:3      | Reached skill level 7 in Axes
  3465 | D:3      | Reached XP level 5. HP: 45/45 MP: 4/4
  3586 | D:3      | Noticed Terence
  3593 | D:3      | 3593 ||| INVOKING Berserk.
  3597 | D:3      | Killed Terence
  3598 | D:3      | Reached XP level 6. HP: 52/52 MP: 5/5
  3795 | D:3      | 3795 ||| Stepping ~*~*~tactically~*~*~ (stealth).
  3796 | D:3      | 3796 ||| Stepping ~*~*~tactically~*~*~ (stealth).
  3797 | D:3      | 3797 ||| Stepping ~*~*~tactically~*~*~ (stealth).
  3798 | D:3      | 3798 ||| Stepping ~*~*~tactically~*~*~ (stealth).
  3799 | D:3      | 3799 ||| Stepping ~*~*~tactically~*~*~ (stealth).
  3800 | D:3      | 3800 ||| Stepping ~*~*~tactically~*~*~ (stealth).
  3806 | D:3      | 3806 ||| Stepping ~*~*~tactically~*~*~ (stealth).
  3808 | D:3      | 3808 ||| Stepping ~*~*~tactically~*~*~ (stealth).
  3809 | D:3      | 3809 ||| Stepping ~*~*~tactically~*~*~ (stealth).
  3821 | D:3      | 3821 ||| Stepping ~*~*~tactically~*~*~ (hiding).
  3841 | D:3      | Found a snail-covered altar of Cheibriados.
  3953 | D:3      | Noticed Natasha
  3956 | D:3      | 3956 ||| INVOKING Berserk.
  3960 | D:3      | Killed Natasha
  3961 | D:3      | Reached skill level 8 in Axes
  4157 | D:3      | Noticed Natasha
  4161 | D:3      | 4161 ||| INVOKING Berserk.
  4167 | D:3      | Killed Natasha
  4541 | D:3      | 4541 ||| UPGRADING to +0 chain mail.
  4551 | D:3      | 4551 ||| DROPPING +0 scale mail.
  4552 | D:3      | 4552 ||| UPGRADING to +0 pair of gloves.
  4557 | D:3      | 4557 ||| READING scroll of enchant armour.
  4557 | D:3      | 4557 ||| ENCHANTING +0 pair of gloves.
  4558 | D:3      | 4558 ||| UPGRADING to +4 ring of evasion.
  4559 | D:3      | 4559 ||| READING scroll labelled NULOUL CA PIH.
  4560 | D:3      | 4560 ||| READING scroll labelled IDWEUXT ISAUG.
  4561 | D:3      | 4561 ||| DRINKING 2 fizzy red potions.
  4562 | D:3      | 4562 ||| READING 2 scrolls of identify.
  4562 | D:3      | 4562 ||| IDENTIFYING sedimented amethyst potion
  4563 | D:3      | 4563 ||| DROPPING potion of attraction.
  4596 | D:4      | Reached skill level 9 in Axes
  4761 | D:4      | Reached skill level 3 in Armour
  4761 | D:4      | Reached XP level 7. HP: 59/59 MP: 6/6
  4765 | D:4      | 4765 ||| Stepping ~*~*~tactically~*~*~ (stealth).
  4766 | D:4      | 4766 ||| Stepping ~*~*~tactically~*~*~ (stealth).
  4801 | D:4      | 4801 ||| Stepping ~*~*~tactically~*~*~ (stealth).
  4803 | D:4      | 4803 ||| Stepping ~*~*~tactically~*~*~ (stealth).
  4804 | D:4      | 4804 ||| Stepping ~*~*~tactically~*~*~ (stealth).
  4809 | D:4      | Reached skill level 3 in Shields
  4920 | D:4      | Found a burning altar of Makhleb.
  4966 | D:4      | 4966 ||| Stepping ~*~*~tactically~*~*~ (stealth).
  4968 | D:4      | 4968 ||| Stepping ~*~*~tactically~*~*~ (hiding).
  5207 | D:4      | Noticed Ijyb
  5211 | D:4      | 5211 ||| INVOKING Berserk.
  5217 | D:4      | Killed Ijyb
  5318 | D:4      | 5318 ||| Stepping ~*~*~tactically~*~*~ (stealth).
  5499 | D:4      | 5499 ||| READING 3 scrolls of identify.
  5499 | D:4      | 5499 ||| IDENTIFYING sapphire potion
  5500 | D:4      | 5500 ||| READING 2 scrolls of identify.
  5500 | D:4      | 5500 ||| IDENTIFYING orange potion
  5501 | D:4      | 5501 ||| DROPPING potion of brilliance.
  5522 | D:5      | Entered Level 5 of the Dungeon
  5523 | D:5      | 5523 ||| INVOKING Berserk.
  5529 | D:5      | 5529 ||| STAIRDANCE
  5655 | D:5      | 5655 ||| Stepping ~*~*~tactically~*~*~ (stealth).
  5742 | D:5      | 5742 ||| INVOKING Berserk.
  5749 | D:5      | Noticed Duvessa
  5754 | D:5      | Noticed Dowan
  5761 | D:5      | Killed Duvessa
  5762 | D:5      | Reached skill level 10 in Axes
  5770 | D:5      | Killed Dowan
  5771 | D:5      | Reached XP level 8. HP: 36/69 MP: 7/7
  6031 | D:5      | Noticed Prince Ribbit
  6032 | D:5      | 6032 ||| INVOKING Berserk.
  6034 | D:5      | Reached skill level 1 in Throwing
  6043 | D:5      | Killed Prince Ribbit
  6044 | D:5      | Reached skill level 3 in Throwing
  6047 | D:5      | Reached skill level 6 in Fighting
  6374 | D:5      | Found a staircase to the Ecumenical Temple.
  6383 | D:5      | 6383 ||| Stepping ~*~*~tactically~*~*~ (stealth).
  6384 | D:5      | 6384 ||| Stepping ~*~*~tactically~*~*~ (stealth).
  6392 | D:5      | 6392 ||| Stepping ~*~*~tactically~*~*~ (hiding).
  6411 | D:5      | Reached skill level 11 in Axes
  6413 | D:5      | 6413 ||| INVOKING Berserk.
  6690 | D:5      | Noticed Pikel
  6696 | D:5      | 6696 ||| INVOKING Berserk.
  6697 | D:5      | Killed Pikel
  6698 | D:5      | Reached skill level 12 in Axes
  6698 | D:5      | Reached XP level 9. HP: 75/75 MP: 8/8
  7128 | D:5      | Noticed Eustachio
  7134 | D:5      | 7134 ||| INVOKING Berserk.
  7135 | D:5      | Killed Eustachio
  7325 | D:5      | 7325 ||| UPGRADING to +0 plate armour.
  7335 | D:5      | 7335 ||| DROPPING +0 chain mail.
  7336 | D:5      | 7336 ||| UPGRADING to +2 chain mail of poison resistance.
  7346 | D:5      | 7346 ||| READING scroll labelled FEUCIN GEHEC.
  7347 | D:5      | 7347 ||| DRINKING 2 inky potions.
  7348 | D:5      | 7348 ||| DRINKING 3 dark potions.
  7349 | D:5      | 7349 ||| READING 3 scrolls of identify.
  7349 | D:5      | 7349 ||| IDENTIFYING red potion
  7350 | D:5      | 7350 ||| DROPPING potion of magic.
  7351 | D:5      | 7351 ||| DROPPING potion of ambrosia.
  7352 | D:5      | 7352 ||| DROPPING 2 potions of flight.
  7385 | D:6      | 7385 ||| STAIRDANCE
  7635 | D:6      | 7635 ||| Stepping ~*~*~tactically~*~*~ (hiding).
  7694 | D:6      | 7694 ||| Stepping ~*~*~tactically~*~*~ (hiding).
  7723 | D:6      | You fall into a shaft and drop 1 floor!
  7734 | D:7      | Found a glowing silver altar of Zin.
  7739 | D:7      | Found a white marble altar of Elyvilon.
  7745 | D:7      | Found a glowing golden altar of the Shining One.
  7750 | D:7      | 7750 ||| Stepping ~*~*~tactically~*~*~ (hiding).
  7751 | D:7      | 7751 ||| Stepping ~*~*~tactically~*~*~ (hiding).
  7752 | D:7      | 7752 ||| Stepping ~*~*~tactically~*~*~ (hiding).
  7755 | D:7      | 7755 ||| Stepping ~*~*~tactically~*~*~ (hiding).
  7756 | D:7      | 7756 ||| Stepping ~*~*~tactically~*~*~ (hiding).
  7760 | D:7      | 7760 ||| INVOKING Berserk.
  7901 | D:7      | Found a bloodstained altar of Trog.
  7902 | D:7      | Found an iron altar of Okawaru.
  7902 | D:7      | Found a hide-covered altar of Uskayaw.
  7910 | D:7      | Reached *** piety under Trog
  7930 | D:7      | Reached skill level 13 in Axes
  8016 | D:7      | 8016 ||| UPGRADING to +6 ring of strength.
  8017 | D:7      | 8017 ||| READING scroll labelled CAISAP XAIRR.
  8018 | D:7      | 8018 ||| READING 2 scrolls of identify.
  8018 | D:7      | 8018 ||| IDENTIFYING coppery potion
  8019 | D:7      | 8019 ||| DROPPING potion of lignification.
  8036 | D:6      | Found a stormy altar of Qazlal.
  8113 | D:6      | 8113 ||| INVOKING Berserk.
  8301 | D:6      | 8301 ||| Stepping ~*~*~tactically~*~*~ (hiding).
  8318 | D:6      | 8318 ||| Stepping ~*~*~tactically~*~*~ (stealth).
  8319 | D:6      | 8319 ||| Stepping ~*~*~tactically~*~*~ (stealth).
  8343 | D:6      | 8343 ||| FLEEEEING.
  8344 | D:6      | 8344 ||| FLEEEEING.
  8348 | D:6      | 8348 ||| FLEEEEING.
  8349 | D:6      | 8349 ||| FLEEEEING.
  8350 | D:6      | 8350 ||| FLEEEEING.
  8351 | D:6      | 8351 ||| FLEEEEING.
  8502 | D:6      | 8502 ||| Stepping ~*~*~tactically~*~*~ (stealth).
  8504 | D:6      | 8504 ||| Stepping ~*~*~tactically~*~*~ (stealth).
  8540 | D:6      | 8540 ||| FLEEEEING.
  8541 | D:6      | 8541 ||| FLEEEEING.
  8542 | D:6      | 8542 ||| FLEEEEING.
  8543 | D:6      | 8543 ||| FLEEEEING.
  8544 | D:6      | 8544 ||| FLEEEEING.
  8545 | D:6      | 8545 ||| FLEEEEING.
  8546 | D:6      | 8546 ||| FLEEEEING.
  8547 | D:6      | 8547 ||| FLEEEEING.
  8547 | D:6      | HP: 17/80 [electric eel/bolt of electricity (11)]
  8548 | D:6      | 8548 ||| FLEEEEING.
  8549 | D:6      | 8549 ||| FLEEEEING.
  8550 | D:6      | 8550 ||| FLEEEEING.
  8560 | D:6      | 8560 ||| STAIRDANCE
  8848 | D:5      | 8848 ||| DRINKING 2 ruby potions.
  8861 | D:6      | Found a sparkling altar of Nemelex Xobeh.
  8907 | D:6      | 8907 ||| FLEEEEING.
  8908 | D:6      | 8908 ||| FLEEEEING.
  8909 | D:6      | 8909 ||| FLEEEEING.
  8957 | D:6      | 8957 ||| INVOKING Berserk.
  9106 | D:6      | 9106 ||| Stepping ~*~*~tactically~*~*~ (hiding).
  9141 | D:6      | 9141 ||| INVOKING Berserk.
  9267 | D:6      | 9267 ||| Stepping ~*~*~tactically~*~*~ (hiding).
  9413 | D:6      | Reached skill level 3 in Dodging
  9509 | D:6      | 9509 ||| Stepping ~*~*~tactically~*~*~ (stealth).
  9511 | D:6      | 9511 ||| Stepping ~*~*~tactically~*~*~ (stealth).
  9700 | D:6      | 9700 ||| READING scroll labelled JUOGOHO XECY.
  9888 | D:7      | 9888 ||| INVOKING Berserk.
 10037 | D:7      | 10037 ||| Stepping ~*~*~tactically~*~*~ (stealth).
 10039 | D:7      | Noticed Menkaure
 10040 | D:7      | 10040 ||| Stepping ~*~*~tactically~*~*~ (stealth).
 10048 | D:7      | Reached XP level 10. HP: 88/88 MP: 9/9
 10051 | D:7      | 10051 ||| Stepping ~*~*~tactically~*~*~ (hiding).
 10053 | D:7      | 10053 ||| Stepping ~*~*~tactically~*~*~ (hiding).
 10059 | D:7      | 10059 ||| INVOKING Berserk.
 10062 | D:7      | Killed Menkaure
 10237 | D:7      | Found a blossoming altar of Fedhas.
 10301 | D:7      | Found a basalt altar of Yredelemnul.
 10693 | D:8      | 10693 ||| Stepping ~*~*~tactically~*~*~ (hiding).
 10708 | D:8      | Reached skill level 14 in Axes
 10721 | D:8      | 10721 ||| FLEEEEING.
 10722 | D:8      | 10722 ||| FLEEEEING.
 10723 | D:8      | 10723 ||| FLEEEEING.
 10724 | D:8      | 10724 ||| FLEEEEING.
 10725 | D:8      | 10725 ||| FLEEEEING.
 10726 | D:8      | 10726 ||| FLEEEEING.
 10727 | D:8      | 10727 ||| FLEEEEING.
 10728 | D:8      | 10728 ||| FLEEEEING.
 10729 | D:8      | 10729 ||| FLEEEEING.
 10730 | D:8      | 10730 ||| FLEEEEING.
 10731 | D:8      | 10731 ||| FLEEEEING.
 10732 | D:8      | 10732 ||| FLEEEEING.
 10733 | D:8      | 10733 ||| FLEEEEING.
 10734 | D:8      | 10734 ||| FLEEEEING.
 10735 | D:8      | 10735 ||| FLEEEEING.
 10736 | D:8      | 10736 ||| FLEEEEING.
 10737 | D:8      | 10737 ||| FLEEEEING.
 10738 | D:8      | 10738 ||| FLEEEEING.
 10740 | D:8      | 10740 ||| FLEEEEING.
 10741 | D:8      | 10741 ||| FLEEEEING.
 10742 | D:8      | 10742 ||| FLEEEEING.
 10801 | D:8      | 10801 ||| Stepping ~*~*~tactically~*~*~ (hiding).
 10804 | D:8      | 10804 ||| INVOKING Berserk.
 10932 | D:8      | Reached skill level 9 in Fighting
 11023 | D:8      | 11023 ||| DROPPING +0 flail.
 11066 | D:8      | Reached skill level 6 in Armour
 11177 | D:8      | 11177 ||| DROPPING +4 flail of freezing.
 11243 | D:8      | 11243 ||| INVOKING Berserk.
 11362 | D:8      | Found a staircase to the Lair.
 11390 | D:8      | Found an ornate altar of the Wu Jian Council.
 11405 | D:8      | 11405 ||| INVOKING Berserk.
 11536 | D:8      | Reached skill level 6 in Shields
 11584 | D:8      | 11584 ||| Stepping ~*~*~tactically~*~*~ (stealth).
 11587 | D:8      | 11587 ||| Stepping ~*~*~tactically~*~*~ (stealth).
 11593 | D:8      | Reached **** piety under Trog
 11921 | D:8      | 11921 ||| PLANNING LAIR
 11921 | D:8      | 11921 ||| DROPPING +1 pair of gloves.
 11922 | D:8      | 11922 ||| UPGRADING to +0 kite shield.
 11932 | D:8      | 11932 ||| DROPPING +0 buckler.
 11933 | D:8      | 11933 ||| READING scroll labelled TELEZU NIFE KYGA.
 11933 | D:8      | Identified a scroll of acquirement
 11933 | D:8      | 11933 ||| ACQUIRING +0 vorpal broad axe
 11933 | D:8      | Acquired a +0 vorpal broad axe
 11935 | D:8      | 11935 ||| SWAPPING to +0 vorpal broad axe.
 11936 | D:8      | 11936 ||| DROPPING +0 vampiric hand axe.
 11937 | D:8      | 11937 ||| READING 2 scrolls of brand weapon.
 11937 | D:8      | 11937 ||| BRANDING +0 vorpal broad axe.
 11938 | D:8      | 11938 ||| READING scroll of brand weapon.
 11938 | D:8      | 11938 ||| BRANDING +0 broad axe of freezing.
 11953 | Lair:1   | Entered Level 1 of the Lair of Beasts
 12107 | Lair:1   | Noticed a black mamba
 12110 | Lair:1   | 12110 ||| INVOKING Berserk.
 12116 | Lair:1   | Killed a black mamba
 12495 | Lair:1   | Identified the +8 dagger "Ytal" {spect, rElec Will- Str-3
                  | Stlth+}
 12549 | Lair:1   | Noticed a black mamba
 12551 | Lair:1   | 12551 ||| INVOKING Berserk.
 12554 | Lair:1   | Killed a black mamba
 12984 | Lair:2   | Reached skill level 9 in Shields
 12985 | Lair:2   | Reached XP level 11. HP: 88/99 MP: 10/10
 12985 | Lair:2   | 12985 ||| FLEEEEING.
 12986 | Lair:2   | 12986 ||| STAIRDANCE
 13029 | Lair:2   | 13029 ||| INVOKING Berserk.
 13034 | Lair:2   | 13034 ||| STAIRDANCE
 13305 | Lair:2   | 13305 ||| INVOKING Berserk.
 13430 | Lair:2   | 13430 ||| INVOKING Berserk.
 13555 | Lair:2   | 13555 ||| INVOKING Berserk.
 13567 | Lair:2   | 13567 ||| Stepping ~*~*~tactically~*~*~ (stealth).
 13568 | Lair:2   | 13568 ||| Stepping ~*~*~tactically~*~*~ (stealth).
 13585 | Lair:2   | Reached skill level 15 in Axes
 13598 | Lair:2   | 13598 ||| Stepping ~*~*~tactically~*~*~ (stealth).
 13599 | Lair:2   | 13599 ||| Stepping ~*~*~tactically~*~*~ (stealth).
 13721 | Lair:2   | 13721 ||| Stepping ~*~*~tactically~*~*~ (stealth).
 13827 | Lair:2   | 13827 ||| Stepping ~*~*~tactically~*~*~ (stealth).
 13866 | Lair:2   | 13866 ||| INVOKING Berserk.
 14074 | Lair:2   | 14074 ||| Stepping ~*~*~tactically~*~*~ (hiding).
 14075 | Lair:2   | 14075 ||| Stepping ~*~*~tactically~*~*~ (hiding).
 14076 | Lair:2   | 14076 ||| Stepping ~*~*~tactically~*~*~ (stealth).
 14078 | Lair:2   | Found a staircase to the Snake Pit.
 14200 | Lair:2   | 14200 ||| INVOKING Berserk.
 14448 | Lair:2   | 14448 ||| INVOKING Berserk.
 14858 | Lair:2   | Reached skill level 16 in Axes
 15030 | Lair:2   | 15030 ||| UPGRADING to amulet of the acrobat.
 15035 | Lair:2   | 15035 ||| READING 5 scrolls of identify.
 15035 | Lair:2   | 15035 ||| IDENTIFYING pink potion
 15036 | Lair:2   | 15036 ||| DROPPING potion of berserk rage.
 15071 | Lair:3   | 15071 ||| INVOKING Berserk.
 15336 | Lair:3   | 15336 ||| INVOKING Berserk.
 15344 | Lair:3   | 15344 ||| FLEEEEING.
 15345 | Lair:3   | 15345 ||| FLEEEEING.
 15346 | Lair:3   | 15346 ||| FLEEEEING.
 15347 | Lair:3   | 15347 ||| FLEEEEING.
 15349 | Lair:3   | 15349 ||| FLEEEEING.
 15356 | Lair:3   | 15356 ||| FLEEEEING.
 15528 | Lair:3   | 15528 ||| Stepping ~*~*~tactically~*~*~ (stealth).
 15539 | Lair:3   | Noticed a four-headed hydra
 15542 | Lair:3   | 15542 ||| SWAPPING to +1 flail of protection.
 15543 | Lair:3   | 15543 ||| INVOKING Berserk.
 15549 | Lair:3   | Killed a four-headed hydra
 15550 | Lair:3   | Reached skill level 17 in Axes
 15597 | Lair:3   | 15597 ||| SWAPPING to +0 vorpal broad axe.
 15605 | Lair:3   | Noticed a necromancer
 15611 | Lair:3   | Killed a necromancer
 15612 | Lair:3   | Reached XP level 12. HP: 106/106 MP: 11/11
 15785 | Lair:3   | 15785 ||| READING scroll of enchant weapon.
 15785 | Lair:3   | 15785 ||| ENCHANTING +0 vorpal broad axe.
 15958 | Lair:3   | Found a staircase to the Shoals.
 16244 | Lair:4   | 16244 ||| INVOKING Berserk.
 16390 | Lair:4   | 16390 ||| INVOKING Berserk.
 16462 | Lair:4   | Noticed a five-headed hydra
 16465 | Lair:4   | 16465 ||| SWAPPING to +1 flail of protection.
 16466 | Lair:4   | 16466 ||| INVOKING Berserk.
 16476 | Lair:4   | Killed a five-headed hydra
 16578 | Lair:4   | 16578 ||| SWAPPING to +1 vorpal broad axe.
 16707 | Lair:4   | 16707 ||| Stepping ~*~*~tactically~*~*~ (stealth).
 16709 | Lair:4   | 16709 ||| Stepping ~*~*~tactically~*~*~ (stealth).
 16723 | Lair:4   | 16723 ||| Stepping ~*~*~tactically~*~*~ (stealth).
 16724 | Lair:4   | 16724 ||| Stepping ~*~*~tactically~*~*~ (stealth).
 16725 | Lair:4   | 16725 ||| Stepping ~*~*~tactically~*~*~ (stealth).
 16726 | Lair:4   | 16726 ||| Stepping ~*~*~tactically~*~*~ (stealth).
 16727 | Lair:4   | 16727 ||| Stepping ~*~*~tactically~*~*~ (stealth).
 16728 | Lair:4   | 16728 ||| INVOKING Berserk.
 16782 | Lair:4   | 16782 ||| Stepping ~*~*~tactically~*~*~ (stealth).
 16784 | Lair:4   | Noticed a death yak
 16785 | Lair:4   | Noticed a death yak
 16787 | Lair:4   | Noticed a death yak
 16788 | Lair:4   | 16788 ||| Stepping ~*~*~tactically~*~*~ (stealth).
 16789 | Lair:4   | Noticed a death yak
 16790 | Lair:4   | 16790 ||| INVOKING Berserk.
 16791 | Lair:4   | Noticed a death yak
 16794 | Lair:4   | Killed a death yak
 16795 | Lair:4   | Reached skill level 18 in Axes
 16801 | Lair:4   | Killed a death yak
 16805 | Lair:4   | Killed a death yak
 16807 | Lair:4   | Killed a death yak
 16814 | Lair:4   | Killed a death yak
 16907 | Lair:4   | 16907 ||| FLEEEEING.
 16912 | Lair:4   | 16912 ||| STAIRDANCE
 17030 | Lair:3   | 17030 ||| UPGRADING to +4 ring of protection.
 17032 | Lair:3   | 17032 ||| DROPPING +6 ring of strength.
 17033 | Lair:3   | 17033 ||| READING scroll labelled ISIBAWODDE.
 17062 | Lair:4   | Identified the +11 chain mail "Hero's Friend" {rC+ Will+}
 17067 | Lair:4   | 17067 ||| Stepping ~*~*~tactically~*~*~ (stealth).
 17076 | Lair:4   | 17076 ||| Stepping ~*~*~tactically~*~*~ (stealth).
 17077 | Lair:4   | 17077 ||| Stepping ~*~*~tactically~*~*~ (stealth).
 17080 | Lair:4   | 17080 ||| Stepping ~*~*~tactically~*~*~ (stealth).
 17081 | Lair:4   | 17081 ||| Stepping ~*~*~tactically~*~*~ (stealth).
 17085 | Lair:4   | 17085 ||| Stepping ~*~*~tactically~*~*~ (stealth).
 17088 | Lair:4   | 17088 ||| Stepping ~*~*~tactically~*~*~ (stealth).
 17091 | Lair:4   | 17091 ||| Stepping ~*~*~tactically~*~*~ (stealth).
 17102 | Lair:4   | Reached skill level 12 in Shields
 17260 | Lair:4   | 17260 ||| INVOKING Berserk.
 17427 | Lair:4   | 17427 ||| Stepping ~*~*~tactically~*~*~ (stealth).
 17429 | Lair:4   | 17429 ||| Stepping ~*~*~tactically~*~*~ (stealth).
 17431 | Lair:4   | 17431 ||| Stepping ~*~*~tactically~*~*~ (stealth).
 17634 | Lair:4   | 17634 ||| UPGRADING to +11 chain mail "Hero's Friend" {rC+
                  | Will+}.
 17644 | Lair:4   | 17644 ||| DROPPING +0 plate armour.
 17645 | Lair:4   | 17645 ||| DROPPING +2 chain mail of poison resistance.
 17666 | Lair:5   | Entered Level 5 of the Lair of Beasts
 17902 | Lair:5   | Noticed a death yak
 17903 | Lair:5   | 17903 ||| Stepping ~*~*~tactically~*~*~ (hiding).
 17915 | Lair:5   | Noticed a death yak
 17915 | Lair:5   | Noticed a death yak
 17916 | Lair:5   | Noticed a death yak
 17917 | Lair:5   | Noticed a death yak
 17918 | Lair:5   | 17918 ||| INVOKING Berserk.
 17922 | Lair:5   | Killed a death yak
 17928 | Lair:5   | Killed a death yak
 17929 | Lair:5   | Reached skill level 12 in Fighting
 17932 | Lair:5   | Killed a death yak
 17938 | Lair:5   | Killed a death yak
 17939 | Lair:5   | Reached XP level 13. HP: 118/118 MP: 12/12
 18021 | Lair:5   | 18021 ||| INVOKING Berserk.
 18145 | Lair:5   | 18145 ||| Stepping ~*~*~tactically~*~*~ (stealth).
 18146 | Lair:5   | 18146 ||| Stepping ~*~*~tactically~*~*~ (stealth).
 18149 | Lair:5   | 18149 ||| INVOKING Berserk.
 18192 | Lair:5   | Reached skill level 9 in Armour
 18199 | Lair:5   | 18199 ||| Stepping ~*~*~tactically~*~*~ (stealth).
 18212 | Lair:5   | 18212 ||| Stepping ~*~*~tactically~*~*~ (stealth).
 18215 | Lair:5   | 18215 ||| INVOKING Berserk.
 18229 | Lair:5   | Found a staircase to the Slime Pits.
 18230 | Lair:5   | Found a viscous altar of Jiyva.
 18237 | Lair:5   | 18237 ||| DRINKING potion of cancellation.
 18242 | Lair:5   | HP: 27/118 [oklob plant/splash of acid (13)]
 18243 | Lair:5   | 18243 ||| READING 9 scrolls of teleportation.
 18243 | Lair:5   | HP: 10/118 [elephant (5)]
 18244 | Lair:5   | 18244 ||| DRINKING 4 potions of heal wounds.
 18558 | Lair:5   | 18558 ||| Stepping ~*~*~tactically~*~*~ (stealth).
 18641 | Lair:5   | 18641 ||| INVOKING Berserk.
 18784 | Lair:5   | Found a snail-covered altar of Cheibriados.
 18789 | Lair:5   | 18789 ||| INVOKING Berserk.
 18911 | Lair:5   | 18911 ||| INVOKING Berserk.
 19086 | Lair:5   | 19086 ||| INVOKING Brothers in Arms.
 19087 | Lair:5   | 19087 ||| INVOKING Brothers in Arms.
 19089 | Lair:5   | 19089 ||| SWAPPING to +1 flail of protection.
 19090 | Lair:5   | 19090 ||| INVOKING Berserk.
 19102 | Lair:5   | 19102 ||| SWAPPING to +1 vorpal broad axe.
 19230 | Lair:5   | 19230 ||| READING scroll of enchant armour.
 19230 | Lair:5   | 19230 ||| ENCHANTING +1 pair of gloves.
 19311 | Lair:5   | 19311 ||| INVOKING Berserk.
 19317 | Lair:5   | Reached skill level 6 in Dodging
 19701 | Lair:5   | 19701 ||| FLEEEEING.
 19702 | Lair:5   | 19702 ||| FLEEEEING.
 19703 | Lair:5   | 19703 ||| FLEEEEING.
 19704 | Lair:5   | 19704 ||| FLEEEEING.
 19731 | Lair:5   | 19731 ||| FLEEEEING.
 19732 | Lair:5   | 19732 ||| FLEEEEING.
 19733 | Lair:5   | 19733 ||| FLEEEEING.
 19734 | Lair:5   | 19734 ||| FLEEEEING.
 19735 | Lair:5   | 19735 ||| FLEEEEING.
 19901 | Lair:5   | 19901 ||| FLEEEEING.
 19904 | Lair:5   | 19904 ||| FLEEEEING.
 19905 | Lair:5   | 19905 ||| FLEEEEING.
 19906 | Lair:5   | 19906 ||| FLEEEEING.
 19907 | Lair:5   | 19907 ||| FLEEEEING.
 19908 | Lair:5   | 19908 ||| STAIRDANCE
 19910 | Lair:4   | 19910 ||| DRINKING 3 bubbling cyan potions.
 19913 | Lair:5   | 19913 ||| INVOKING Berserk.
 19937 | Lair:5   | 19937 ||| STAIRDANCE
 20063 | Lair:5   | 20063 ||| FLEEEEING.
 20065 | Lair:5   | 20065 ||| FLEEEEING.
 20067 | Lair:5   | 20067 ||| INVOKING Berserk.
 20267 | Lair:5   | 20267 ||| Stepping ~*~*~tactically~*~*~ (stealth).
 20326 | Lair:5   | Noticed a dire elephant
 20361 | Lair:5   | Noticed a dire elephant
 20362 | Lair:5   | 20362 ||| INVOKING Berserk.
 20372 | Lair:5   | Killed a dire elephant
 20384 | Lair:5   | 20384 ||| FLEEEEING.
 20391 | Lair:5   | 20391 ||| FLEEEEING.
 20580 | Lair:5   | 20580 ||| Stepping ~*~*~tactically~*~*~ (stealth).
 20582 | Lair:5   | 20582 ||| INVOKING Berserk.
 20600 | Lair:5   | Reached skill level 6 in Throwing
 20908 | Lair:5   | Reached XP level 14. HP: 130/130 MP: 13/13
 20939 | Lair:5   | 20939 ||| FLEEEEING.
 20940 | Lair:5   | 20940 ||| FLEEEEING.
 20941 | Lair:5   | 20941 ||| FLEEEEING.
 20956 | Lair:5   | 20956 ||| Stepping ~*~*~tactically~*~*~ (hiding).
 20958 | Lair:5   | 20958 ||| INVOKING Berserk.
 21104 | Lair:5   | 21104 ||| INVOKING Brothers in Arms.
 21108 | Lair:5   | 21108 ||| INVOKING Berserk.
 21223 | Lair:5   | Identified the ring of Ydiosuid {rElec rN+ Will++ rCorr
                  | Stlth-}
 21241 | Lair:5   | 21241 ||| Stepping ~*~*~tactically~*~*~ (hiding).
 21606 | Lair:5   | 21606 ||| PLANNING D:1-11
 21606 | Lair:5   | 21606 ||| UPGRADING to ring of Ydiosuid {rElec rN+ Will++
                  | rCorr Stlth-}.
 21890 | D:9      | 21890 ||| Stepping ~*~*~tactically~*~*~ (stealth).
 22062 | D:9      | 22062 ||| Stepping ~*~*~tactically~*~*~ (stealth).
 22066 | D:9      | 22066 ||| Stepping ~*~*~tactically~*~*~ (stealth).
 22112 | D:9      | Found a hazy altar of Hepliaklqana.
 22205 | D:9      | 22205 ||| Stepping ~*~*~tactically~*~*~ (hiding).
 22206 | D:9      | 22206 ||| Stepping ~*~*~tactically~*~*~ (hiding).
 22372 | D:9      | 22372 ||| Stepping ~*~*~tactically~*~*~ (stealth).
 22527 | D:9      | 22527 ||| READING scroll labelled OQINAZ KEAPO.
 22681 | D:10     | Entered Level 10 of the Dungeon
 22688 | D:10     | 22688 ||| Stepping ~*~*~tactically~*~*~ (stealth).
 22832 | D:10     | 22832 ||| Stepping ~*~*~tactically~*~*~ (stealth).
 22838 | D:10     | 22838 ||| Stepping ~*~*~tactically~*~*~ (hiding).
 22853 | D:10     | 22853 ||| Stepping ~*~*~tactically~*~*~ (hiding).
 22854 | D:10     | 22854 ||| Stepping ~*~*~tactically~*~*~ (hiding).
 22856 | D:10     | 22856 ||| Stepping ~*~*~tactically~*~*~ (hiding).
 22964 | D:10     | 22964 ||| DROPPING +1 flail of protection.
 23135 | D:10     | Found a broken altar of Ashenzari.
 23621 | D:11     | Noticed Snorg
 23626 | D:11     | 23626 ||| INVOKING Berserk.
 23634 | D:11     | Killed Snorg
 23635 | D:11     | Reached skill level 15 in Fighting
 23831 | D:11     | Noticed Josephine
 23832 | D:11     | 23832 ||| Stepping ~*~*~tactically~*~*~ (hiding).
 23842 | D:11     | Killed Josephine
 23853 | D:11     | 23853 ||| INVOKING Brothers in Arms.
 23855 | D:11     | 23855 ||| SWAPPING to +2 morningstar of freezing.
 23856 | D:11     | 23856 ||| INVOKING Berserk.
 23871 | D:11     | 23871 ||| SWAPPING to +1 vorpal broad axe.
 24541 | D:11     | 24541 ||| PLANNING D
 24541 | D:11     | 24541 ||| DROPPING amulet of faith.
 24542 | D:11     | 24542 ||| DROPPING ring of positive energy.
 24580 | D:12     | 24580 ||| STAIRDANCE
 24601 | D:12     | 24601 ||| STAIRDANCE
 24611 | D:12     | 24611 ||| STAIRDANCE
 24620 | D:12     | 24620 ||| STAIRDANCE
 24625 | D:12     | 24625 ||| STAIRDANCE
 24630 | D:12     | 24630 ||| STAIRDANCE
 24935 | D:12     | Found a staircase to the Orcish Mines.
 24980 | D:12     | Identified the +10 lajatang "Oskem" {flame, rPois Str+7
                  | Dex-2 SInv}
 25262 | D:12     | Reached ***** piety under Trog
 25309 | D:12     | 25309 ||| Stepping ~*~*~tactically~*~*~ (hiding).
 25311 | D:12     | 25311 ||| Stepping ~*~*~tactically~*~*~ (hiding).
 25315 | D:12     | 25315 ||| Stepping ~*~*~tactically~*~*~ (hiding).
 25326 | D:12     | Reached skill level 15 in Shields
 25725 | D:12     | 25725 ||| UPGRADING to +0 pair of boots.
 25730 | D:12     | 25730 ||| READING 2 scrolls of enchant armour.
 25730 | D:12     | 25730 ||| ENCHANTING +0 pair of boots.
 25731 | D:12     | 25731 ||| READING scroll of enchant armour.
 25731 | D:12     | 25731 ||| ENCHANTING +1 pair of boots.
 25732 | D:12     | 25732 ||| DROPPING ring of protection from cold.
 25733 | D:12     | 25733 ||| READING 2 scrolls labelled ASMUIG LOIDE.
 25734 | D:12     | 25734 ||| DROPPING scroll of magic mapping.
 25774 | D:12     | 25774 ||| INVOKING Brothers in Arms.
 25775 | D:12     | 25775 ||| SWAPPING to +2 morningstar of freezing.
 25777 | D:12     | 25777 ||| INVOKING Berserk.
 25801 | D:12     | 25801 ||| SWAPPING to +1 vorpal broad axe.
 25819 | D:12     | Noticed a sphinx
 25820 | D:12     | 25820 ||| INVOKING Trog's Hand.
 25827 | D:12     | Killed a sphinx
 25835 | D:12     | 25835 ||| FLEEEEING.
 25837 | D:12     | 25837 ||| STAIRDANCE
 25844 | D:12     | 25844 ||| Stepping ~*~*~tactically~*~*~ (stealth).
 25899 | D:12     | 25899 ||| INVOKING Berserk.
 25904 | D:12     | Reached skill level 12 in Armour
 25931 | D:12     | Noticed a tengu reaver
 25932 | D:12     | 25932 ||| FLEEEEING.
 25933 | D:12     | 25933 ||| FLEEEEING.
 25934 | D:12     | 25934 ||| FLEEEEING.
 25935 | D:12     | 25935 ||| FLEEEEING.
 25936 | D:12     | 25936 ||| STAIRDANCE
 26042 | D:12     | 26042 ||| INVOKING Berserk.
 26048 | D:12     | Killed a tengu reaver
 26180 | D:12     | Noticed a storm dragon
 26181 | D:12     | Noticed a sphinx
 26182 | D:12     | 26182 ||| INVOKING Trog's Hand.
 26184 | D:12     | 26184 ||| INVOKING Berserk.
 26201 | D:12     | Killed a storm dragon
 26206 | D:12     | Killed a sphinx
 26429 | D:13     | 26429 ||| Stepping ~*~*~tactically~*~*~ (stealth).
 26430 | D:13     | 26430 ||| Stepping ~*~*~tactically~*~*~ (stealth).
 26441 | D:13     | 26441 ||| INVOKING Berserk.
 26460 | D:13     | Reached XP level 15. HP: 108/144 MP: 14/14
 26698 | D:13     | 26698 ||| Stepping ~*~*~tactically~*~*~ (stealth).
 26775 | D:13     | 26775 ||| Stepping ~*~*~tactically~*~*~ (hiding).
 26894 | D:13     | 26894 ||| Stepping ~*~*~tactically~*~*~ (stealth).
 26895 | D:13     | 26895 ||| Stepping ~*~*~tactically~*~*~ (stealth).
 26896 | D:13     | 26896 ||| Stepping ~*~*~tactically~*~*~ (stealth).
 26996 | D:13     | 26996 ||| SWAPPING to +2 morningstar of freezing.
 26997 | D:13     | 26997 ||| INVOKING Berserk.
 27005 | D:13     | 27005 ||| SWAPPING to +1 vorpal broad axe.
 27153 | D:13     | 27153 ||| SWAPPING to +2 morningstar of freezing.
 27154 | D:13     | 27154 ||| INVOKING Berserk.
 27163 | D:13     | 27163 ||| SWAPPING to +1 vorpal broad axe.
 27473 | D:14     | Found a basalt altar of Yredelemnul.
 27476 | D:14     | 27476 ||| Stepping ~*~*~tactically~*~*~ (stealth).
 27531 | D:14     | Noticed Nessos
 27532 | D:14     | Noticed Rupert
 27533 | D:14     | 27533 ||| INVOKING Trog's Hand.
 27535 | D:14     | Found a gate to the Vaults.
 27535 | D:14     | Noticed Urug
 27536 | D:14     | 27536 ||| SWAPPING to +2 morningstar of freezing.
 27537 | D:14     | 27537 ||| INVOKING Berserk.
 27550 | D:14     | 27550 ||| SWAPPING to +1 vorpal broad axe.
 27557 | D:14     | Killed Urug
 27559 | D:14     | HP: 14/147 [something (29)]
 27560 | D:14     | 27560 ||| READING 14 scrolls of teleportation.
 27560 | D:14     | Mangled by Rupert

Levels and vault maps discovered:
D:1:      minmay_arrival_semitransparent, layout_loops_ring,
          ebering_ecumenical_altar_ruins
D:2:      layout_loops_ring, nrook_campfire, dreamdust_wishing_well,
          kennysheep_jessica_study, uniq_crazy_yiuf_cottage
D:3:      layout_basic, mainiacjoe_overflow_chevrons, serial_shops,
          nicolae_shop_bloodbath_and_beyond, gammafunk_ghost_mausoleum,
          serial_curves, eino_curves_03, eino_curves_01, eino_curves_03,
          eino_curves_04, minmay_starry_boxes, uniq_sigmund, uniq_terence,
          uniq_natasha
D:4:      layout_loops_ring, mainiacjoe_overflow_concentric_impassable,
          uniq_ijyb
D:5:      layout_basic, temple_fountains, minivault_5, kennysheep_small_circle,
          uniq_duvessa, uniq_pikel, uniq_eustachio, uniq_prince_ribbit1
D:6:      layout_loops_cross, nemelex_spade_bored_becter,
          mainiacjoe_overflow_six_doors_small, minmay_misc_feat_diagonals,
          kennysheep_generic_room_2
D:7:      layout_loops_cross, good_gods_mini_temple, kennysheep_little_box,
          chequers_temple_overflow_statue_of_worship, fedhas_altar_4,
          uniq_menkaure
D:8:      layout_basic, lemuel_tele_altar, dpeg_oklobed_lair
D:9:      layout_loops_ring, kennysheep_mini_moat
D:10:     layout_cave_pods, evilmike_ruin_ashenzari, grunt_ministairs_4,
          grunt_decor_mini_mirrors
D:11:     minmay_spotlight, layout_irregular_city, serial_column_ruins,
          column_ruins_hut, column_ruins_corridor_dead_end,
          column_ruins_columns_straight, column_ruins_grid_1,
          column_ruins_open_tiny, column_ruins_corridor_straight, uniq_snorg,
          uniq_josephine
D:12:     minmay_connected_triangles_in_corner, layout_stronghold,
          minmay_orc_entry_temple_small
D:13:     layout_cave_pools
D:14:     layout_loops_ring, david_vaults_3, nrook_pool_corridor,
          yredelemnul_altar_generic
Lair:1:   layout_long_grid
Lair:2:   layout_layer_cave, minmay_snake_entry_guardpost_small,
          beast_lair_carwin_10
Lair:3:   pond_and_an_island_with_a_cottage, layout_big_grid,
          minmay_shoals_entry_hut, chequers_serial_rivers_large_b,
          chequers_serial_rivers_small_a, uniq_urug
Lair:4:   layout_roguey, grunt_megastairs_1, lemuel_fruit_tree
Lair:5:   due_jungle_book, layout_regular_city, minmay_slime_entry_oklob_open,
          kennysheep_snail_temple, serial_bayou_shore_b

Skill      XL: |  1  2  3  4  5  6  7  8  9 10 11 12 13 14 15 |
---------------+----------------------------------------------+-----
Axes           | 4 5 6 7 9 10 12 13 14 17 18 | 18.0
Shields        | 2 3 4 5 9 10 12 13 15 | 15.0
Fighting       | 4 5 6 8 9 10 12 13 16 17 | 17.0
Armour         | 3 4 5 6 8 10 12 | 12.0
Throwing       | 3 6 |  6.1
Dodging        | 3 5 6 7 |  7.1

Action                   |  1- 3 |  4- 6 |  7- 9 | 10-12 | 13-15 || total
-------------------------+-------+-------+-------+-------+-------++-------
Melee: Hand axe          |    87 |    85 |   271 |   136 |       ||   579
       Headbutt          |    15 |    10 |    57 |   108 |   180 ||   370
       Punch             |     1 |       |       |       |       ||     1
       Broad axe         |       |       |       |   331 |   677 ||  1008
       Flail             |       |       |       |    16 |     8 ||    24
       Morningstar       |       |       |       |       |    37 ||    37
Throw: Javelin           |       |       |    28 |     1 |    12 ||    41
       Boomerang         |       |       |    26 |   102 |    91 ||   219
Invok: Berserk           |     1 |     5 |    12 |    23 |    24 ||    65
       Brothers in Arms  |       |       |       |       |     4 ||     4
       Trog's Hand       |       |       |       |       |     3 ||     3
  Use: Scroll            |     4 |     6 |     7 |     6 |     7 ||    30
       Potion            |     2 |     2 |     3 |       |     3 ||    10
Armor: Animal skin       |     4 |       |       |       |       ||     4
       Leather armour    |     8 |       |       |       |       ||     8
       Ring mail         |       |     6 |       |       |       ||     6
       Scale mail        |       |    10 |       |       |       ||    10
       Chain mail        |       |    10 |    72 |   129 |   276 ||   487
Dodge: Dodged            |    36 |    34 |   111 |   155 |   202 ||   538
Block: Buckler           |       |    10 |    24 |    14 |       ||    48
       Kite shield       |       |       |       |   138 |   343 ||   481

Table legend:
 A = Non-vault XP
 B = Vault XP
 C = Vault XP percentage of total XP
 D = Non-vault monster count
 E = Vault monster count
 F = Vault count percentage of total count
                 A         B        C        D         E       F
            +---------+---------+-------+---------+---------+-------
      Total |   65870 |   45430 |  40.8 |     425 |     119 |  21.9
            +---------+---------+-------+---------+---------+-------
        D:1 |      34 |       0 |   0.0 |      20 |       0 |   0.0
        D:2 |      31 |      39 |  55.7 |      18 |       2 |  10.0
        D:3 |     100 |     318 |  76.1 |      14 |       8 |  36.4
        D:4 |     488 |      36 |   6.9 |      21 |       1 |   4.5
        D:5 |     976 |    1371 |  58.4 |      32 |       6 |  15.8
        D:6 |    1280 |     137 |   9.7 |      24 |       2 |   7.7
        D:7 |    1047 |     172 |  14.1 |      16 |       1 |   5.9
        D:8 |    2666 |       0 |   0.0 |      41 |       0 |   0.0
        D:9 |    1679 |       0 |   0.0 |      29 |       0 |   0.0
       D:10 |    1781 |    1554 |  46.6 |      22 |       8 |  26.7
       D:11 |    4629 |    4144 |  47.2 |      14 |      10 |  41.7
       D:12 |    5637 |    9527 |  62.8 |      25 |      17 |  40.5
       D:13 |    8949 |       0 |   0.0 |      21 |       0 |   0.0
       D:14 |    1641 |    2232 |  57.6 |       3 |       5 |  62.5
     Lair:1 |    1727 |       0 |   0.0 |       8 |       0 |   0.0
     Lair:2 |    4584 |    2144 |  31.9 |      21 |      10 |  32.3
     Lair:3 |    4921 |    1069 |  17.8 |      19 |       6 |  24.0
     Lair:4 |    6224 |    4926 |  44.2 |      30 |       8 |  21.1
     Lair:5 |   17476 |   17761 |  50.4 |      47 |      35 |  42.7
            +---------+---------+-------+---------+---------+-------
